Map: Last Remnant

Players

Odin - Winner!

  • Race: Protoss Protoss
  • League: Platinum
  • Spawn Location: 1:00

A.I. 1 (Harder)

  • Race: Terran Terran
  • Spawn Location: 7:00

A.I. 2 (Harder)

  • Race: Terran Terran
  • Spawn Location: 6:00

A.I. 3 (Harder)

  • Race: Terran Terran
  • Spawn Location: 9:00

VOD

Have the link to the VOD?

Description

Time

  • Played on: Dec. 17, 2018, 2:27 p.m.
  • Length: 3:37
Show
View Real Time Build Order
Export as new Build Order

Odin Protoss - Winner!

Build Orders: Cannon Rush 

Get SALT Encoding   

  12  0:02  Probe  
  13  0:14  Pylon  
  13  0:15  Probe  
  14  0:36  Forge  
  14  0:47  Pylon  
  14  1:02  Pylon  
  14  1:03  Pylon  
  14  1:14  Photon Cannon  
  14  1:26  Photon Cannon  
  14  1:42  Photon Cannon  
  14  1:54  Photon Cannon  
  14  2:05  Photon Cannon  
  14  2:22  Photon Cannon  
  14  2:49  Photon Cannon  
  14  2:50  Photon Cannon  
  14  3:01  Photon Cannon  
  14  3:22  Photon Cannon  
  14  3:32  Photon Cannon  
Show
View Real Time Build Order
Export as new Build Order

A.I. 1 (Harder) Terran 

Build Orders:  

Get SALT Encoding   

  12  0:00  SCV  
  13  0:13  SCV  
  14  0:20  Supply Depot  
  14  0:25  SCV  
  15  0:41  SCV  
  16  0:44  Barracks  
  16  0:50  Refinery  
  16  0:53  SCV  
  17  1:05  SCV  
  18  1:18  SCV  
  19  1:23  Supply Depot  
  19  1:30  SCV  
  19  1:31  Marine  
  21  1:45  Barracks, Orbital Command  
  21  1:49  Marine  
  22  2:02  Refinery  
  22  2:06  Factory  
  22  2:08  Barracks Tech Lab  
  22  2:20  SCV  
  22  2:27  Supply Depot  
  20  2:30  Marauder  
  20  2:32  SCV  
  15  2:45  SCV  
  13  2:51  Hellion  
  12  2:57  SCV  
Show
View Real Time Build Order
Export as new Build Order

A.I. 2 (Harder) Terran 

Build Orders:  

Get SALT Encoding   

  12  0:01  SCV  
  13  0:13  SCV  
  14  0:20  Supply Depot  
  14  0:25  SCV  
  15  0:42  SCV  
  16  0:48  Barracks  
  16  0:54  SCV  
  17  1:06  SCV  
  18  1:17  Command Center  
  18  1:37  Marine, Supply Depot, Orbital Command  
  19  1:55  Marine  
  19  1:57  Refinery  
  19  2:02  SCV  
  17  2:14  SCV  
  12  2:26  SCV  
Show
View Real Time Build Order
Export as new Build Order

A.I. 3 (Harder) Terran 

Build Orders:  

Get SALT Encoding   

  12  0:01  SCV  
  13  0:13  SCV  
  14  0:19  Supply Depot  
  14  0:25  SCV  
  15  0:41  SCV  
  16  0:45  Barracks  
  16  0:53  SCV  
  17  1:03  Refinery  
  17  1:05  SCV  
  18  1:17  SCV  
  19  1:22  Supply Depot  
  19  1:29  SCV  
  20  1:33  Marine  
  21  1:42  Barracks, Orbital Command  
  20  1:52  Barracks Tech Lab  
  16  2:07  SCV  
  16  2:11  Marine  
  13  2:19  SCV  
  9  2:32  SCV  
  6  2:44  SCV  
  2  2:56  SCV  
  2  3:08  SCV  
  3  3:20  SCV  
Tags
 
Add a new tag
Caveats
  • Supply blocks, unpowered buildings, or Contaminate may cause inaccurate times.
  • Supply counts are checked every 10 seconds.